 Dungeon Crawl Stone Soup version 0.24.0-13-gcf9b319 (webtiles) character file.

Game seed: 4649909273124495801, levelgen mode: deterministic

11 ClockworkOrrery the Ducker (level 2, -2/29 HPs)
             Began as a Gnoll Monk on Dec 2, 2019.
             Killed by nerve-wracking pain
             ... invoked by Jessica
              (4 damage)
             ... on level 2 of the Dungeon.
             The game lasted 00:01:43 (449 turns).

ClockworkOrrery the Ducker (Gnoll Monk)              Turns: 449, Time: 00:01:43

Health: -2/29      AC:  2    Str: 13    XL:     2   Next: 25%
Magic:  2/2        EV: 16    Int: 12    God:
Gold:   29         SH:  0    Dex: 17    Spells: 1/1 levels left

rFire    . . .     SeeInvis .   a - +0 mace
rCold    . . .     Gourm    .   (no shield)
rNeg     . . .     Faith    .   b - +0 robe
rPois    .         Spirit   .   (no helmet)
rElec    .         Reflect  .   (no cloak)
rCorr    .         Harm     .   (no gloves)
MR       .....                  (no boots)
Stlth    +++.......             (no amulet)
HPRegen  0.09/turn              (no ring)
MPRegen  0.08/turn              (no ring)

@: slowed, very slow
A: distributed training, fangs 1, strong nose
a: no special abilities


You were on level 2 of the Dungeon.
You were not hungry.

You visited 1 branch of the dungeon, and saw 2 of its levels.

You collected 29 gold pieces.

Inventory:

Hand Weapons
 a - a +0 mace (weapon)
Armour
 b - a +0 robe (worn)
Scrolls
 f - a scroll of fear {unknown}
 h - a scroll of magic mapping {unknown}
Potions
 d - a potion of agility {unknown}
 e - a potion of lignification {unknown}
 i - a potion of heal wounds {unknown}
Comestibles
 c - 3 rations


   Skills:
 + Level 6.4 Fighting
 + Level 0.3 Short Blades
 + Level 0.3 Long Blades
 + Level 0.3 Axes
 + Level 6.4 Maces & Flails
 + Level 0.3 Polearms
 + Level 0.3 Staves
 + Level 0.3 Slings
 + Level 0.3 Bows
 + Level 0.3 Crossbows
 + Level 0.3 Throwing
 + Level 0.3 Armour
 + Level 6.4 Dodging
 + Level 4.0 Stealth
 + Level 0.3 Shields
 + Level 0.3 Unarmed Combat
 + Level 0.3 Spellcasting
 + Level 0.2 Conjurations
 + Level 0.2 Hexes
 + Level 0.2 Charms
 + Level 0.2 Summonings
 + Level 0.2 Necromancy
 + Level 0.2 Translocations
 + Level 0.2 Transmutations
 + Level 0.2 Fire Magic
 + Level 0.2 Ice Magic
 + Level 0.2 Air Magic
 + Level 0.2 Earth Magic
 + Level 0.2 Poison Magic
 + Level 0.4 Invocations
 + Level 0.3 Evocations


You had one spell level left.
You didn't know any spells.
Your spell library was empty.

Dungeon Overview and Level Annotations

Branches:
Dungeon (2/15)

Altars:

Annotations:
D:2 Jessica


Innate Abilities, Weirdness & Mutations

Your experience applies equally to all skills.
You have very sharp teeth.
Your uncanny sense of smell can sniff out nearby items.


Message History

Jessica hits you but does no damage. The rat closely misses you.
The rat bites you. Jessica hits you.
You hit the rat.
You kill the rat!
Jessica closely misses you. Jessica hits you.
You barely miss Jessica.
Jessica is severely wounded.
Jessica casts a spell at you. Pain shoots through your body!
* * * LOW HITPOINT WARNING * * *
Jessica completely misses you.
You barely miss Jessica.
Jessica is severely wounded.
Jessica barely misses you. Jessica hits you.
* * * LOW HITPOINT WARNING * * *
Jessica mumbles some strange words.
Jessica blinks!
Jessica points at you and mumbles some strange words.
Pain shoots through your body!
You die...

.### #....
.....#####
?.......####
###.......#
#......)..##
#.#..8.8...#
#@..@....#
#..8.8...#
#........#
#........#
#####.##.#
... .# ###
##


You could see Jessica.

Vanquished Creatures
  A leopard gecko (D:1)
  2 bats (D:1)
  A goblin (D:1)
  A hobgoblin (D:1)
  2 kobolds
  2 rats
9 creatures vanquished.

Notes
Turn   | Place    | Note
-------+----------+-------------------------------------------
     0 | D:1      | ClockworkOrrery the Gnoll Monk began the quest for the Orb.
     0 | D:1      | Reached XP level 1. HP: 23/23 MP: 1/1
   116 | D:1      | Reached XP level 2. HP: 24/29 MP: 2/2
   430 | D:2      | Noticed Jessica
   449 | D:2      | Killed from afar by Jessica

Levels and vault maps discovered:
D:1:      dpeg_arrival_ternary, layout_rooms
D:2:      minmay_diamond_boxcup, layout_basic,
          chequers_ecumenical_altar_simple_redux, st_stairs_14,
          lexackson_kobold_supper, uniq_robin, uniq_natasha, uniq_terence,
          uniq_jessica

Action                   || total
-------------------------++-------
Melee: Mace              ||    29
       Bite              ||     1
Armor: Robe              ||     5
Dodge: Dodged            ||    33
